 Dungeon Crawl Stone Soup version 0.14-a0-1546-g4b4961f (webtiles) character file.

173 M4edhros the Poker (level 4, 0/31 HPs)
             Began as an Octopode Chaos Knight on Dec 18, 2013.
             Was a Plaything of Xom.
             Slain by a shadow (29 damage)
             ... summoned by the severe capriciousness of Xom
             ... on Level 3 of the Dungeon.
             The game lasted 00:02:05 (2128 turns).

M4edhros the Poker (Octopode Chaos Knight)          Turns: 2128, Time: 00:02:06

HP   0/31        AC  1     Str 11      XL: 4   Next: 54%
MP   4/4         EV 12     Int 15      God: Xom
Gold 85          SH  0     Dex 11      Spells:  0 memorised,  3 levels left

rFire  + . .     SeeInvis .     a - +0 spear (chaos)
rCold  x . .     Clarity  .     (no shield)
rNeg   . . .     Conserve .     (helmet restricted)
rPois  .         rCorr    .     e - amulet of the gourmand
rElec  .         rRot     .     k - ring of fire
SustAb . .       Spirit   .     (no ring)
rMut   .         Warding  .     (no ring)
Gourm  +         Stasis   .     (no ring)
                                (no ring)
                                (no ring)
                                (no ring)
                                (no ring)

@: slightly resistant to hostile enchantments, fairly stealthy
A: almost no armour, amphibious, 8 rings, constrict 8, camouflage 1, gelatinous
body 1
a: Renounce Religion


You were on level 3 of the Dungeon.
You worshipped Xom.
You were a plaything of Xom.
You were very full.

You visited 1 branch of the dungeon, and saw 3 of its levels.

You collected 85 gold pieces.

Inventory:

Hand weapons
 a - a +0,+0 spear of chaos (weapon)
Comestibles
 c - a bread ration
 f - 2 apples
 n - 2 meat rations
Scrolls
 b - 2 scrolls of noise {unknown}
 h - 2 scrolls of enchant weapon I {unknown}
 j - 2 scrolls of blinking {unknown}
 l - a scroll of immolation {unknown}
 m - 2 scrolls of enchant weapon II {unknown}
 o - a scroll of magic mapping {unknown}
 p - a scroll of teleportation {unknown}
 q - a scroll of random uselessness {unknown}
Jewellery
 e - an amulet of the gourmand (around mantle)
 k - a ring of fire (left tentacle)
Potions
 d - a potion of heal wounds
 g - a potion of lignification
 i - 2 potions of curing


   Skills:
 - Level 3.0 Fighting
 + Level 5.2 Polearms
 - Level 2.3 Dodging


You had 3 spell levels left.
You didn't know any spells.

Dungeon Overview and Level Annotations

Branches:
Dungeon (3/16)

Altars:
Fedhas


Innate Abilities, Weirdness & Mutations

You cannot wear most types of armour.
You are amphibious.
You can wear up to eight rings at the same time.
You can use your tentacles to constrict many enemies at once.
Your skin changes colour to match your surroundings (Stlth).
Your rubbery body absorbs attacks (AC +1).


Message History

No target in view! "Try this."
Flickering shadows surround you.
You are now a plaything of Xom.
Attack whom?
Press: ? - help, Dir - move target cursor, f - shadow
Aim: a shadow (summoned)
You reach to attack!
You closely miss the shadow.
A shadow is nearby!
Attack whom?
Press: ? - help, Dir - move target cursor, f/p - shadow
Aim: a shadow (summoned)
You reach to attack!
You barely miss the shadow.
A shadow is nearby!
You hit the shadow but do no damage.
The shadow flickers and vanishes!
Deactivating autopickup; reactivate with Ctrl-A.
The shadow strikes at you from the darkness!
Ouch! That really hurt!
You die...
Xom yawns loudly!

## .#.#. ....
#.#.## #.....
#...# #.{.# #
#####..@#####.#
##............#..
........)........
.#............#.#
#####...#####.#
#...# # #.#.#
#...# ####.####


There were no monsters in sight!

Vanquished Creatures
  2 adders
  A worm (D:2)
  4 giant geckos
  3 giant cockroaches
  12 goblins
  11 hobgoblins
  6 jackals
  A quokka (D:2)
  2 bats
  6 giant newts
  6 kobolds
  5 rats
59 creatures vanquished.

Notes
Turn   | Place    | Note
--------------------------------------------------------------
     0 | D:1      | M4edhros, the Octopode Chaos Knight, began the quest for the Orb.
     0 | D:1      | Reached XP level 1. HP: 16/16 MP: 1/1
   162 | D:1      | Reached XP level 2. HP: 21/21 MP: 2/2
   222 | D:1      | XOM: potion effect (speed)
   332 | D:1      | Reached skill level 4 in Polearms
   451 | D:1      | XOM: divination: detect creatures
   501 | D:1      | XOM: divination: detect items
   506 | D:1      | Reached XP level 3. HP: 22/26 MP: 3/3
   586 | D:1      | XOM: divination: detect creatures
  1028 | D:2      | Found a blossoming altar of Fedhas.
  1088 | D:2      | XOM: colour smoke trail
  1110 | D:2      | XOM: confuse monster(s)
  1316 | D:2      | XOM: colour smoke trail
  1530 | D:2      | XOM is BORED!
  1530 | D:2      | XOM: harmless Divn miscast
  1619 | D:2      | XOM: mild Fire miscast
  1645 | D:2      | XOM: harmless Necr miscast
  1700 | D:2      | Reached XP level 4. HP: 22/31 MP: 4/4
  1889 | D:2      | Reached skill level 5 in Polearms
  2021 | D:3      | XOM: enchant monster (bad)
  2125 | D:3      | XOM is BORED!
  2125 | D:3      | XOM: medium Necr miscast
  2126 | D:3      | Noticed a shadow
  2128 | D:3      | Slain by a shadow

Action                   |  1- 3 |  4- 6 || total
-------------------------+-------+-------++-------
Melee: Spear             |   130 |    42 ||   172
  Use: Potion            |       |     4 ||     4
 Stab: Sleeping          |     7 |     1 ||     8
